 Dungeon Crawl Stone Soup version 0.24.0-37-gcf1ca852f1 (webtiles) character file.

Game seed: 3467096571543929116, levelgen mode: deterministic

1003 Gruesph the Grave Robber (level 8, -7/72 HPs)
             Began as a Deep Dwarf Necromancer on Nov 29, 2019.
             Was a Believer of Makhleb.
             Mangled by a two-headed ogre
             ... wielding a +0 giant club
              (14 damage)
             ... on level 4 of the Dungeon.
             The game lasted 00:28:45 (5074 turns).

Gruesph the Grave Robber (Deep Dwarf Necromancer)   Turns: 5074, Time: 00:28:46

Health: -7/72      AC:  8    Str: 13    XL:     8   Next: 0%
Magic:  9/13       EV:  9    Int: 17    God:    Makhleb [**....]
Gold:   165        SH:  0    Dex: 13    Spells: 10/15 levels left

rFire    . . .     SeeInvis .   b - +2 dagger (venom)
rCold    . . .     Gourm    .   (no shield)
rNeg     . . .     Faith    .   r - +0 scale mail
rPois    .         Spirit   .   (no helmet)
rElec    .         Reflect  .   n - +1 cloak
rCorr    .         Harm     .   (no gloves)
MR       +....                  (no boots)
Stlth    +.........             (no amulet)
HPRegen  0.00/turn              (no ring)
MPRegen  0.13/turn              (no ring)

@: non-regenerating
A: damage resistance, heal wounds, sense surroundings 1, no regeneration
a: Heal Wounds, Minor Destruction, Renounce Religion


You were on level 4 of the Dungeon.
You worshipped Makhleb.
Makhleb was pleased with you.
You were hungry.

You visited 1 branch of the dungeon, and saw 4 of its levels.

You collected 165 gold pieces.

Inventory:

Hand Weapons
 a - a +0 war axe
 b - a +2 dagger of venom (weapon)
 q - a +0 hunting sling
Missiles
 d - 93 stones
 g - 7 poisoned darts (quivered)
Armour
 n - a +1 cloak (worn)
 r - a +0 scale mail (worn)
Jewellery
 e - an uncursed ring of positive energy {unknown}
 k - an uncursed ring of magical power {unknown}
 o - an uncursed amulet of rage {unknown}
Scrolls
 j - 5 scrolls of identify {unknown}
 l - a scroll of enchant armour {unknown}
 m - 2 scrolls of remove curse {unknown}
 p - a scroll of teleportation {unknown}
 s - a scroll of fear {unknown}
Potions
 c - a potion of haste {unknown}
 h - a potion of brilliance {unknown}
 i - 2 potions of agility {unknown}
Comestibles
 f - 5 rations
 t - 2 chunks of flesh


   Skills:
 + Level 4.1 Fighting
 * Level 4.7 Axes
 - Level 2.1 Dodging
 - Level 2.4 Stealth
 - Level 4.0 Spellcasting
 + Level 6.8 Necromancy


You had 10 spell levels left.
You knew the following spells:

 Your Spells              Type           Power        Failure   Level  Hunger
a - Pain                  Necr           ####         4%          1    None
b - Animate Skeleton      Necr           N/A          4%          1    None
c - Vampiric Draining     Necr           ####......   14%         3    ###....

Your spell library contained the following spells:

 Spells                   Type           Power        Failure   Level  Hunger
 Animate Dead             Necr           N/A          43%         4    ####...
 Regeneration             Chrm/Necr      Unusable     N/A         3    N/A

Dungeon Overview and Level Annotations

Branches:
Dungeon (4/15)
 Temple: D:4-7

Altars:
Ashenzari
Cheibriados
Dithmenos
Makhleb
Okawaru
Vehumet
Wu Jian
Yredelemnul


Innate Abilities, Weirdness & Mutations

You are resistant to damage.
You can heal yourself by infusing magical energy.
You passively map a small area around you.
You do not regenerate.


Message History

There is an open door, spattered with blood here.
There is an open door, spattered with blood here.
Okay, then.
Unknown command.
Casting: Vampiric Draining (safe; 14% risk of failure)
Confirm with . or Enter, or press ? or * to list all spells.
Aiming: Pain (safe; 4% risk of failure)
Press: ? - help, Shift-Dir - straight line, f/p - two-headed ogre
Aim: a two-headed ogre, wielding two +0 giant clubs (severely wounded, chance to defeat MR: 71%)
The two-headed ogre struggles to resist.
You are feeling hungry.
Casting: Pain (safe; 4% risk of failure)
Confirm with . or Enter, or press ? or * to list all spells.
Aiming: Vampiric Draining (safe; 14% risk of failure)
Press: ? - help, Shift-Dir - straight line, f/p - two-headed ogre
Aim: a two-headed ogre, wielding two +0 giant clubs (severely wounded)
The two-headed ogre is almost dead.
You feel life coursing into your body.
The two-headed ogre hits you with a +0 giant club!
You die...

#........##........#.# #...
#........##........#.# ####
#........##........#.# ##
#####........#######.#.#.#
#. ##.........##.# #.#.#.#
#.
#........####.#######+#'#.#
#.
#........####'##..........#
#.
#........#................#
#.
#........'....O@..........#
##
##########................#
#................#
#................######
#......................
#................##....
#........###.###.##...p
#........##......##....
#...†....##......##....


You could see a two-headed ogre.

Vanquished Creatures
  Pikel (D:4)
  Edmund (D:4)
  A hound (D:4)
  4 orc priests (D:3)
  Crazy Yiuf (D:2)
  3 orc wizards
  A worker ant (D:4)
  2 adders (D:2)
  4 gnolls (D:3)
  A worm (D:3)
  5 dart slugs
  4 leopard geckos
  15 orcs
  3 ball pythons
  3 bats
  2 giant cockroaches
  7 goblins
  9 hobgoblins
  10 jackals
  9 kobolds
  5 quokkas
  5 frilled lizards
  10 rats
106 creatures vanquished.

Vanquished Creatures (others)
  A scorpion (D:4)
  A centaur skeleton (D:4)
  An orc priest (D:4)
  A bullfrog skeleton (D:4)
  An orc (D:4)
  A ball python (D:4)
6 creatures vanquished.

Grand Total: 112 creatures vanquished

Notes
Turn   | Place    | Note
-------+----------+-------------------------------------------
     0 | D:1      | Gruesph the Deep Dwarf Necromancer began the quest for the
                  | Orb.
     0 | D:1      | Reached XP level 1. HP: 15/15 MP: 3/3
     2 | D:1      | Learned a level 1 spell: Animate Skeleton
   355 | D:1      | Reached XP level 2. HP: 20/24 MP: 3/5
   524 | D:1      | Reached skill level 1 in Fighting
   983 | D:1      | Reached XP level 3. HP: 23/31 MP: 4/6
  1492 | D:2      | Found a burning altar of Makhleb.
  1499 | D:2      | Became a worshipper of Makhleb the Destroyer
  1782 | D:2      | Learned a level 3 spell: Vampiric Draining
  1918 | D:2      | Reached skill level 5 in Necromancy
  2223 | D:2      | Found a runed translucent door.
  2224 | D:2      | Noticed Crazy Yiuf
  2361 | D:2      | Reached XP level 4. HP: 32/39 MP: 2/7
  2482 | D:2      | Killed Crazy Yiuf
  2787 | D:3      | Reached XP level 5. HP: 45/45 MP: 4/8
  2948 | D:2      | Reached * piety under Makhleb
  3407 | D:3      | Reached XP level 6. HP: 29/55 MP: 0/10
  3616 | D:3      | Reached skill level 1 in Axes
  3770 | D:3      | Found a radiant altar of Vehumet.
  3790 | D:3      | Found an iron altar of Okawaru.
  3791 | D:3      | Found a basalt altar of Yredelemnul.
  3791 | D:3      | Found a snail-covered altar of Cheibriados.
  3795 | D:3      | Found a shattered altar of Ashenzari.
  3847 | D:3      | Found an ornate altar of the Wu Jian Council.
  3847 | D:3      | Found a shadowy altar of Dithmenos.
  4048 | D:4      | Noticed a slave
  4048 | D:4      | Noticed a slave
  4048 | D:4      | Noticed a slave
  4049 | D:4      | Noticed Pikel
  4054 | D:4      | Noticed a slave
  4057 | D:4      | Killed Pikel
  4057 | D:4      | Reached skill level 6 in Necromancy
  4057 | D:4      | Reached XP level 7. HP: 43/63 MP: 0/12
  4407 | D:4      | Noticed Edmund
  4417 | D:4      | Killed Edmund
  4726 | D:4      | Noticed a two-headed ogre
  4918 | D:4      | Reached XP level 8. HP: 72/72 MP: 13/13
  4919 | D:4      | Reached ** piety under Makhleb
  5055 | D:4      | HP: 3/72 [two-headed ogre/+0 giant club (19)]
  5074 | D:4      | Mangled by a two-headed ogre

Levels and vault maps discovered:
D:1:      zelgadis_glass_arrival_large, layout_rooms, hangedman_decor_points
D:2:      layout_rooms, nicolae_overflow_crystal_walls, first_ration,
          minmay_door_square, uniq_crazy_yiuf_cottage
D:3:      layout_rooms, gammafunk_temple_overflow_elements, minitemple
D:4:      layout_basic, uniq_pikel, uniq_edmund

Skill      XL: |  1  2  3  4  5  6  7 |
---------------+----------------------+-----
Spellcasting   | 2 3 4 |  4.0
Fighting       | 1 2 3 4 |  4.1
Necromancy     | 5 6 |  6.8
Axes           | 3 4 |  4.7
Dodging        | |  2.1
Stealth        | |  2.4

Action                   |  1- 3 |  4- 6 |  7- 9 || total
-------------------------+-------+-------+-------++-------
Melee: Short sword       |     1 |       |       ||     1
       Dagger            |     2 |   119 |    10 ||   131
       War axe           |       |       |    24 ||    24
 Fire: Hunting sling     |    19 |       |       ||    19
Throw: Dart              |    14 |       |     3 ||    17
       Stone             |     1 |       |       ||     1
 Cast: Pain              |    84 |    25 |    14 ||   123
       Vampiric Draining |     2 |    20 |    13 ||    35
Invok: Minor Destruction |       |       |     2 ||     2
 Abil: Heal Wounds       |       |     3 |     1 ||     4
  Eat: Chunk             |     5 |     8 |     1 ||    14
       Ration            |       |       |     1 ||     1
Armor: Robe              |     1 |       |       ||     1
       Leather armour    |       |    26 |       ||    26
       Scale mail        |       |    14 |    18 ||    32
Dodge: Dodged            |    11 |   119 |    23 ||   153
